 Dungeon Crawl Stone Soup version 0.30-a0-879-ga8ba668304 (webtiles) character file.

Game seed: 4333480329812134800

277155 cforsyth the Tortoise (level 20, -1/172 (174) HPs)
             Began as a Barachi Fighter on Mar 13, 2023.
             Was the Champion of Cheibriados.
             Killed by divine providence
             ... invoked by a deep elf high priest
              (12 damage)
             ... on level 1 of the Elven Halls.
             The game lasted 01:32:17 (42549 turns).

cforsyth the Tortoise (Barachi Fighter)            Turns: 42549, Time: 01:32:18

HP:   -1/172 (174)  AC: 34    Str: 38    XL:     20   Next: 39%
MP:   8/39          EV: 21    Int: 28    God:    Cheibriados [******]
Gold: 3063          SH:  7    Dex: 25    Spells: 39/49 levels left

rFire   + + .      SeeInvis .    a - +4 broad axe (flame)
rCold   + . .      Faith    .    c - +0 buckler
rNeg    . . .      Spirit   .    I - +3 plate armour {rF+}
rPois   +          Reflect  .    K - +2 helmet of the Lair of Beasts {rPois}
rElec   .          Rampage  .    X - +0 cloak
rCorr   .                        W - +0 pair of gloves "Dycuhio" {Str+3}
Will    +....                    S - +2 pair of boots {rF+} Stlth
                                 P - amulet of regeneration
HPRegen 1.28/turn                G - ring of poison resistance
MPRegen 0.26/turn                R - ring of protection from cold

@: unable to hop, lightly drained, very slow
A: amphibious, slowness 1, strong legs 2, +LOS, talons 1, clumsy 1, dopey 1,
shaggy fur 1, inability to read after injury 1
}: 2/15 runes: serpentine, barnacled
a: Hop, Renounce Religion, Bend Time, Temporal Distortion, Slouch, Step From
Time


You were on level 1 of the Elven Halls.
You worshipped Cheibriados.
Cheibriados was exalted by your worship.
You visited 7 branches of the dungeon, and saw 33 of its levels.
You visited the Abyss 2 times.
You also visited: Sewer and Gauntlet.

You collected 4966 gold pieces.
You spent 1903 gold pieces at shops.

Inventory:

Hand Weapons
 a - a +4 broad axe of flaming (weapon)
 b - the +5 sling of Makhleb's Envy {drain, rElec rN+++ MP-9 Int-3}
   (You found it on level 8 of the Dungeon)

   Int:       It affects your intelligence (-3).
   rElec:     It insulates you from electricity.
   rN:        It renders you almost immune to negative energy.
   MP:        It affects your magic capacity (-9).
 p - the +2 war axe of Integrity {drain, *Rage rF+ rC+++ Dex+3}
   (You bought it in a shop on level 2 of the Orcish Mines)

   Dex:       It affects your dexterity (+3).
   rF:        It protects you from fire.
   rC:        It renders you almost immune to cold.
   *Rage:     It berserks you when you make melee attacks (+20% chance).
 N - a +0 broad axe
Armour
 c - a +0 buckler (worn)
 I - a +3 plate armour of fire resistance (worn)
 K - the +2 helmet of the Lair of Beasts (worn) {rPois}
   (You found it on level 4 of the Shoals)

   rPois:     It protects you from poison.
 S - a +2 pair of boots of fire resistance (worn)
 W - the +0 pair of gloves "Dycuhio" (worn) {Str+3}
   (You found it in a Gauntlet)

   Str:       It affects your strength (+3).
 X - a +0 cloak (worn)
 Z - a +2 pair of boots of stealth
Jewellery
 j - a ring of positive energy
 l - a +6 ring of strength
 s - a ring of wizardry
 G - a ring of poison resistance (left hand)
 H - a ring of flight
 J - a ring of willpower
 L - a ring of resist corrosion
 P - an amulet of regeneration (around neck)
 R - a ring of protection from cold (right hand)
 V - a ring of protection from fire
Wands
 k - a wand of polymorph (14)
 n - a wand of paralysis (43)
 D - a wand of digging (5)
 T - a wand of flame (70)
 U - a wand of iceblast (9)
 Y - a wand of light (10)
Scrolls
 i - a scroll of teleportation
 m - 3 scrolls of vulnerability
 q - 4 scrolls of amnesia
 r - 4 scrolls of enchant armour
 u - 10 scrolls of identify
 w - a scroll of acquirement
 x - 6 scrolls of immolation
 y - 3 scrolls of blinking
 A - 4 scrolls of silence
 C - 2 scrolls of butterflies
 E - 4 scrolls of fog
 F - 8 scrolls of magic mapping
 Q - 5 scrolls of poison
Potions
 d - 5 potions of might
 e - 14 potions of curing
 f - 9 potions of flight
 g - 4 potions of attraction
 h - 3 potions of resistance
 o - 8 potions of brilliance
 t - a potion of invisibility
 v - 2 potions of mutation
 z - 2 potions of ambrosia
 B - 3 potions of heal wounds
 M - 2 potions of cancellation
 O - 4 potions of lignification


   Skills:
 + Level 19.2 Fighting
 - Level 18.0 Axes
 + Level 19.2 Armour
 + Level 15.9 Dodging
 + Level 6.9 Shields
 - Level 15.0 Spellcasting
 - Level 10.0 Translocations
 - Level 8.0 Transmutations


You had 39 spell levels left.
You knew the following spells:

 Your Spells              Type           Power      Damage    Failure   Level
a - Wereblood             Tmut           60%        N/A       1%          2
b - Passage of Golubria   Tloc           67%        N/A       1%          4
c - Manifold Assault      Tloc           67%        N/A       1%          4

Your spell library contained the following spells:

 Spells                   Type           Power      Damage    Failure   Level
 Beastly Appendage        Tmut           100%       N/A       1%          1
 Gell's Gravitas          Tloc           67%        N/A       1%          3
 Teleport Other           Tloc           67%        N/A       1%          3
 Portal Projectile        Hex/Tloc       98%        N/A       3%          3
 Spider Form              Tmut/Pois      43%        N/A       5%          3
 Kindle Blastsparks       Fire/Tloc/Air  78%        2d16      8%          3
 Kiss of Death            Conj/Necr      84%        2d11      10%         1
 Magic Dart               Conj           84%        1d7       10%         1
 Slow                     Hex            84%        N/A       10%         1
 Iskenderun's Mystic Bla  Conj/Tloc      49%        2d11      12%         4
 Call Imp                 Summ           21%        N/A       14%         2
 Scorch                   Fire           42%        2d7       14%         2
 Searing Ray              Conj           42%        2d6       14%         2
 Static Discharge         Conj/Air       42%        2-4/arc   14%         2
 Dispersal                Tloc           33%        N/A       24%         6
 Call Canine Familiar     Summ           21%        N/A       28%         3
 Confusing Touch          Hex            21%        N/A       28%         3
 Dazzling Flash           Conj/Hex       42%        N/A       28%         3
 Vampiric Draining        Necr           21%        2d7       28%         3
 Summon Forest            Summ/Tloc      24%        N/A       34%         5
 Alistair's Intoxication  Tmut/Pois      28%        N/A       45%         5
 Anguish                  Hex/Necr       10%        N/A       67%         4
 Animate Armour           Summ/Erth      42%        N/A       67%         4
 Animate Dead             Necr           21%        N/A       67%         4
 Flame Wave               Conj/Fire      21%        2d8       67%         4
 Fulminant Prism          Conj/Hex       10%        3d8       67%         4
 Leda's Liquefaction      Hex/Erth       10%        N/A       67%         4
 Summon Ice Beast         Ice/Summ       21%        N/A       67%         4
 Agony                    Necr           21%        N/A       95%         5
 Borgnjor's Vile Clutch   Necr/Erth      10%        N/A       95%         5
 Lee's Rapid Deconstruct  Erth           10%        3d8*      95%         5
 Silence                  Hex/Air        10%        N/A       95%         5
 Summon Mana Viper        Hex/Summ       21%        N/A       95%         5
 Eringya's Noxious Bog    Tmut/Pois      21%        N/A       96%         6
 Death Channel            Necr           10%        N/A       100%        6
 Summon Cactus Giant      Summ           10%        N/A       100%        6
 Enfeeble                 Hex            10%        N/A       100%        7
 Haunt                    Necr/Summ      10%        N/A       100%        7
 Monstrous Menagerie      Summ           10%        N/A       100%        7
 Disjunction              Tloc           33%        N/A       100%        8
 Infestation              Necr           10%        N/A       100%        8
 Lehudib's Crystal Spear  Conj/Erth      10%        10d4      100%        8


Dungeon Overview and Level Annotations

Branches:
Dungeon (15/15)            Temple (1/1) D:6            Lair (5/5) D:11
 Shoals (4/4) Lair:3        Snake (4/4) Lair:2        Slime (0/5) Lair:4
    Orc (2/2) D:12            Elf (2/3) Orc:2        Vaults (0/5) D:14
 Depths (0/4) D:15          Sewer (visited)         Gauntlet (visited)

Altars:
Cheibriados
Dithmenos
Elyvilon
Fedhas
Gozag
Hepliaklqana
Kikubaaqudgha
Makhleb
Nemelex Xobeh
Okawaru
Qazlal
Ru
Uskayaw
Wu Jian
Yredelemnul
Zin
The Shining One
Jiyva

Shops:
D:7 [   D:8 *   Orc:2 [?*(   Elf:1 (   Shoals:2 (   Shoals:3 *   Snake:1 (

Annotations:
D:11 3 runed translucent doors, Lobster4's ghost, journeyman MiHu
D:15 1 runed translucent door, epsilonplus's ghost, journeyman HuHu
Lair:2 2 transporters, exclusion: oklob plant, Nabski's ghost, journeyman TeFE
Orc:2 2 transporters, Lexicon's ghost, journeyman AtFi
Elf:2 3 runed translucent doors


Innate Abilities, Weirdness & Mutations

You are amphibious.
You cover ground slowly.
You can hop long distances.
You have an extended range of vision and can be seen from far away.
You have sharp toenails.
You are clumsy. (Dex -2)
You are dopey. (Int -2)
You are covered in fur. (AC +1)
You occasionally lose the ability to read scrolls when taking damage.


Message History

The deep elf demonologist convulses!
The deep elf archer convulses! x2
Your body is wracked with pain!
* * * LOW HITPOINT WARNING * * *
Something is bathed in an unholy light!
Something closely misses you.
The chaos spawn gores you but does no damage.
You completely miss the chaos spawn.
The chaos spawn is almost dead.
Something blocks your attack.
Your surroundings suddenly seem different.
Found a wand of iceblast (3).
Found a dagger.
The deep elf archer shouts!
You hear a deafening roar!
The deep elf archer casts a spell at you.
You easily resist.
The deep elf archer shoots an arrow.
The arrow misses you.
There is a large open door here.
Things that are here:
a +0 leather armour; a +0 flail; an orc corpse The deep elf archer shoots an arrow.
The arrow hits you.
* * * LOW HITPOINT WARNING * * *
Things that are here:
a +0 leather armour; a +0 club The Brimstone Fiend roars!
The reaper disappears in a puff of smoke!
The deep elf high priest shoots an arrow.
You block the arrow.
Items here: ))))) [[[[ †.
Blink to where?
Press: ? - help, Dir - move target
As you read the scroll of blinking, it crumbles to dust.
The deep elf archer shouts!
The deep elf high priest calls down the wrath of its god upon you.
Something smites you!
* * * LOW HITPOINT WARNING * * *
The deep elf archer gestures wildly while chanting.
The deep elf archer blinks!
The deep elf knight mumbles some strange words.
The deep elf knight seems to speed up.
The deep elf high priest invokes the aid of its god against you.
Something smites you!
You die...

...$....'.# ...$....'.#
.(#..#.)#.## ..e....['..#
######### ........[..#
##.......## #### 88#88#88#[.#
#.........# ##..#############[)#
#....<....# #...............)).#
##........#
#..#..........@)).#####.......#
##..#..........................#
##..........e.1.....#####.......#
...................## ##...^..>#
..).......e.......### ##...)...##
#.....#e.#.e........###..##.####
.##..##.#.........).##..###.#
###4##2ee.........##...## .#
###{#4#..#..)....###.)## .#


You could see a Brimstone Fiend (summoned), 2 deep elf archers, a deep elf
knight (fast, empowered) and a deep elf high priest (brilliance aura).

Vanquished Creatures
  2 bone dragons (Abyss:3)
  4 tentacled starspawn (Abyss:3)
  An Executioner (Abyss:3)
  The ghost of rlgrobin the Spry, an adept SpEE of Ashenzari (Shoals:4)
  Kirke (Snake:3)
  Gastronok (Lair:3)
  7 nagarajas
  A frost giant (Shoals:4)
  2 deep elf sorcerers
  Aizul (Snake:3)
  A balrug (Abyss:3)
  A cacodemon (Abyss:3)
  A very ugly thing (Abyss:3)
  A dire elephant (Lair:5)
  A minotaur (Gauntlet)
  2 ettins
  5 merfolk impalers
  3 merfolk javelineers
  Josephine (Lair:4)
  A deep elf high priest (Elf:1)
  A great orb of eyes (Abyss:3)
  6 hydras
  4 vault guards (D:14)
  A quicksilver dragon skeleton (Abyss:3)
  Fannar (D:10)
  2 ogre magi
  3 merfolk avatars
  A catoblepas (Lair:5)
  2 salamander tyrants (Snake:3)
  A spriggan skeleton (Abyss:3)
  2 centaur warriors (D:14)
  A death knight (D:15)
  12 anacondas
  6 two-headed ogres
  3 tengu warriors (D:15)
  The ghost of math4jedi the Cleaver, a novice MiBe of Trog (D:10)
  3 alligator snapping turtles (Shoals:4)
  6 merfolk aquamancers
  5 boulder beetles
  10 naga warriors
  A deep troll shaman (Lair:5)
  5 satyrs
  2 thrashing horrors (Abyss:3)
  13 dancing weapons
  5 death yaks
  12 naga sharpshooters
  3 orc high priests (Orc:2)
  7 sun demons
  Sonja (D:12)
  9 deep elf knights
  16 shock serpents
  4 skysharks
  An anaconda zombie (Abyss:3)
  2 wretched stars (Abyss:3)
  8 skeletal warriors (D:14)
  A sixfirhy (Abyss:3)
  15 sea snakes
  7 salamander mystics
  A spatial maelstrom (Abyss:3)
  A deep troll (D:15)
  9 naga ritualists
  A wizard (D:15)
  15 harpies
  15 deep elf pyromancers
  4 deep elf archers
  15 deep elf zephyrmancers
  8 orc knights
  A necromancer (Abyss:3)
  10 mana vipers
  7 cyclopes
  16 ugly things
  16 salamanders
  A wolf spider (D:15)
  6 orc sorcerers
  14 manticores
  11 fauns
  A will-o-the-wisp (Abyss:3)
  A dire elephant zombie (Abyss:3)
  5 guardian serpents
  8 merfolk sirens
  47 black mambas
  17 naga magi
  A smoke demon (Abyss:3)
  2 torpor snails
  An apocalypse crab (Abyss:3)
  22 elephants (Lair:5)
  4 centaur zombies (D:10)
  11 water nymphs
  6 cane toads
  Maggie (D:10)
  An eye of devastation (Gauntlet)
  An orange demon (Abyss:3)
  Psyche (D:10)
  2 yaktaurs
  An unseen horror (D:10)
  13 komodo dragons
  An unseen horror zombie (D:10)
  2 rime drakes
  6 freezing wraiths
  An anaconda simulacrum (Abyss:3)
  13 trolls
  2 ancient zymes (Abyss:3)
  4 red devils (D:13)
  3 wind drakes
  23 merfolk
  A wolf spider simulacrum (D:13)
  5 snapping turtles
  9 dream sheep
  15 blink frogs
  3 raiju (Abyss:3)
  A meliai zombie (D:10)
  2 slime creatures (D:8)
  3 centaur simulacra (Gauntlet)
  9 flying skulls (Gauntlet)
  4 shadows
  9 large abominations (Abyss:3)
  2 vampires (D:10)
  8 water elementals
  2 air elementals
  5 wyverns
  A fire elemental (Elf:1)
  12 wraiths
  2 ynoxinuls (Abyss:3)
  53 yaks
  5 basilisks
  2 hogs (D:10)
  6 starcursed masses (Abyss:3)
  2 humans
  2 chaos spawn (Abyss:3)
  8 vampire mosquitoes
  5 neqoxecs (Abyss:3)
  Menkaure (D:6)
  2 steam dragons (D:8)
  9 wargs
  52 nagas
  2 acid dragons
  The ghost of cforsyth the Magician, an amateur DEEE of Vehumet (D:3)
  14 water moccasins
  3 black bears
  32 orc warriors
  2 sky beasts (D:6)
  2 floating eyes (Gauntlet)
  3 ice beasts
  10 ogres
  13 wolves
  20 centaurs
  A phantom (D:5)
  4 kobold brigands
  An earth elemental (Elf:2)
  8 small abominations (Abyss:3)
  3 scorpions
  15 bullfrogs
  A cane toad simulacrum (Gauntlet)
  4 wights (D:9)
  14 killer bees
  A howler monkey (D:4)
  5 electric eels
  2 lava snakes (Lair:5)
  A quasit (Abyss:3)
  2 jellies
  4 hounds
  2 sleepcaps
  2 iron imps (Abyss:3)
  18 orc priests
  2 gnoll boudas
  Jessica (D:2)
  27 orc wizards
  3 iguanas (D:4)
  4 hell rats (Lair:5)
  A sickly merfolk siren (Sewer)
  A malarious merfolk avatar (Sewer)
  10 gnolls
  12 adders
  2 river rats (Sewer)
  A shadow imp (D:7)
  A white imp (D:8)
  3 ufetubi
  5 worms
  4 dart slugs
  89 orcs
  8 endoplasms
  3 giant cockroaches
  10 goblins
  11 hobgoblins
  2 jackals (D:2)
  15 quokkas
  9 ball pythons
  5 bats
  10 frilled lizards
  15 kobolds
  28 rats
  A lurking horror (Abyss:3)
  3 starspawn tentacles (Abyss:3)
1289 creatures vanquished.

Vanquished Creatures (others)
  An eldritch tentacle (Shoals:4)
  A merfolk aquamancer (Shoals:4)
  A deep elf knight (Elf:2)
  A deep elf zephyrmancer (Elf:2)
  A wizard (D:14)
  A water elemental (Elf:1)
  5 humans (Snake:4)
  A small abomination (Abyss:3)
  An orc wizard (Elf:1)
  2 orcs (Elf:1)
  A quokka (D:15)
  16 fungi
  2 lurking horrors (Abyss:3)
  118 plants
  7 starspawn tentacles (Abyss:3)
  11 withered plants (D:10)
170 creatures vanquished.

Grand Total: 1459 creatures vanquished

Notes
Turn   | Place    | Note
-------+----------+-------------------------------------------
     0 | D:1      | cforsyth the Barachi Fighter began the quest for the Orb.
     0 | D:1      | Reached XP level 1. HP: 18/18 MP: 1/1
    96 | D:1      | Reached XP level 2. HP: 25/25 MP: 2/2
   389 | D:1      | Reached XP level 3. HP: 30/30 MP: 3/3
  1023 | D:2      | Reached XP level 4. HP: 34/38 MP: 4/4
  1126 | D:2      | Noticed Jessica
  1131 | D:2      | Killed Jessica
  1762 | D:3      | Reached XP level 5. HP: 37/43 MP: 5/5
  1767 | D:3      | Reached skill level 5 in Fighting
  1785 | D:3      | Found a glowing drain.
  1797 | Sewer    | Entered a sewer
  1835 | Sewer    | Reached skill level 5 in Armour
  2032 | Sewer    | Reached XP level 6. HP: 51/51 MP: 6/6
  2292 | D:3      | Found a runed translucent door.
  2299 | D:3      | Noticed cforsyth's ghost (amateur DEEE)
  3054 | D:4      | Reached XP level 7. HP: 56/58 MP: 7/7
  3274 | D:4      | Found a sacrificial altar of Ru.
  3310 | D:4      | Reached skill level 5 in Axes
  3310 | D:4      | Identified the +1 robe of the Witching Gods {Harm rElec rF+
                  | rC+}
  3649 | D:5      | Entered Level 5 of the Dungeon
  3916 | D:5      | Reached XP level 8. HP: 57/67 MP: 8/8
  4730 | D:6      | Found a staircase to the Ecumenical Temple.
  4751 | Temple   | Entered the Ecumenical Temple
  4944 | Temple   | Became a worshipper of Cheibriados the Contemplative
  5097 | D:6      | Identified the +2 robe of Unambiguity {rElec rPois}
  5162 | D:6      | Noticed Menkaure
  5168 | D:6      | Killed Menkaure
  5647 | D:6      | Reached XP level 9. HP: 68/75 MP: 9/9
  5701 | D:6      | Reached * piety under Cheibriados
  6657 | D:7      | Found Laroelif's Antique Armour Shop.
  7002 | D:7      | Identified the +1 leather armour of the Moon {*Corrode
                  | rPois rN+++ Regen+}
  7372 | D:7      | Bought a faintly glowing scale mail for 207 gold pieces
  7372 | D:7      | Identified the +2 scale mail "Yfaj" {rPois} (You bought it
                  | in a shop on level 7 of the Dungeon)
  7868 | D:8      | Reached skill level 10 in Fighting
  7868 | D:8      | Reached skill level 10 in Armour
  7877 | D:8      | Reached XP level 10. HP: 53/85 MP: 10/10
  8085 | D:8      | Noticed a manticore
  8085 | D:8      | Noticed a manticore
  8087 | D:8      | Noticed a cyclops
  8479 | D:8      | Reached ** piety under Cheibriados
  8736 | D:8      | Identified the +5 sling of Makhleb's Envy {drain, rElec
                  | rN+++ MP-9 Int-3}
  8738 | D:8      | Identified the +8 mace of Kewnelutul {heavy, rElec rPois
                  | Str-5 Dex+4}
  9134 | D:8      | Found the +8 trident of the Octopus King {venom, rElec
                  | rPois}
  9370 | D:8      | Found Ygumed's Fire Supplies.
  9379 | D:8      | Bought a +2 broad axe of flaming for 249 gold pieces
  9394 | D:8      | Killed a cyclops
  9445 | D:8      | Killed a manticore
  9698 | D:8      | Killed a manticore
 10073 | D:9      | Reached XP level 11. HP: 91/96 MP: 11/11
 10077 | D:9      | Reached *** piety under Cheibriados
 10457 | D:9      | Found a sparkling altar of Nemelex Xobeh.
 10503 | D:10     | Entered Level 10 of the Dungeon
 11014 | D:10     | Noticed Maggie
 11030 | D:10     | Killed Maggie
 11030 | D:10     | Reached **** piety under Cheibriados
 11515 | D:10     | Found a large runed translucent door.
 11515 | D:10     | Found a large runed translucent door.
 11519 | D:10     | Noticed math4jedi's ghost (novice MiBe)
 11549 | D:10     | Noticed Psyche
 11556 | D:10     | Killed Psyche
 11771 | D:10     | Reached skill level 1 in Dodging
 12246 | D:10     | Noticed Fannar
 12255 | D:10     | Killed Fannar
 12256 | D:10     | Reached skill level 10 in Axes
 12290 | D:10     | Reached XP level 12. HP: 106/107 MP: 12/12
 12604 | D:3      | Killed cforsyth's ghost
 12736 | D:8      | Bought a +2 pair of boots of fire resistance for 279 gold
                  | pieces
 12867 | D:11     | Noticed a boulder beetle
 12877 | D:11     | Killed a boulder beetle
 13023 | D:11     | Noticed Lobster4's ghost (journeyman MiHu)
 13024 | D:11     | Noticed a minotaur
 13066 | D:11     | Reached skill level 5 in Dodging
 13067 | D:11     | Found a staircase to the Lair.
 13067 | D:11     | Noticed a two-headed ogre
 13067 | D:11     | Noticed a boulder beetle
 13073 | D:11     | Killed a two-headed ogre
 13091 | D:11     | Killed a boulder beetle
 13237 | D:10     | Reached ***** piety under Cheibriados
 13444 | D:11     | Found a runed translucent gate.
 13454 | D:11     | Found a runed translucent gate.
 13454 | D:11     | Found a runed translucent gate.
 14095 | D:12     | Found a staircase to the Orcish Mines.
 14164 | D:12     | Noticed a two-headed ogre
 14164 | D:12     | Noticed Sonja
 14174 | D:12     | Killed a two-headed ogre
 14175 | D:12     | Killed Sonja
 14218 | D:12     | Found a gate leading to a gauntlet.
 14227 | Gauntlet | Entered a Gauntlet
 14227 | Gauntlet | Found a transporter.
 14227 | Gauntlet | Found a transporter.
 14235 | Gauntlet | Found a transporter.
 14247 | Gauntlet | Found a transporter.
 14251 | Gauntlet | Found a runed translucent door.
 14253 | Gauntlet | Found a runed translucent door.
 14254 | Gauntlet | Found the +2 cloak of the Thief {*Fog Slay-2 SInv Stlth+}
 14255 | Gauntlet | Found a transporter.
 14259 | Gauntlet | Found a transporter.
 14267 | Gauntlet | Found a transporter.
 14287 | Gauntlet | Noticed a dire elephant
 14288 | Gauntlet | Found a transporter.
 14310 | Gauntlet | Found a transporter.
 14312 | Gauntlet | Found a transporter.
 14318 | Gauntlet | Found a transporter.
 14322 | Gauntlet | Found a transporter.
 14559 | Gauntlet | Identified the +0 pair of gloves "Dycuhio" {Str+3}
 14590 | Gauntlet | Noticed a minotaur
 14602 | Gauntlet | Killed a minotaur
 14833 | D:12     | Gained mutation: You can hop long distances. [Barachi
                  | growth]
 14833 | D:12     | Reached XP level 13. HP: 113/113 MP: 13/13
 15351 | Lair:1   | Entered Level 1 of the Lair of Beasts
 15370 | Lair:1   | Reached ****** piety under Cheibriados
 15556 | Lair:1   | Reached skill level 10 in Dodging
 16265 | Lair:2   | Found a staircase to the Snake Pit.
 16634 | Lair:2   | Noticed Nabski's ghost (journeyman TeFE)
 16639 | Lair:2   | Found a transporter.
 16654 | Lair:2   | Found a transporter.
 16839 | Lair:2   | Reached skill level 15 in Axes
 17328 | Lair:3   | Noticed Gastronok
 17345 | Lair:3   | Killed Gastronok
 17823 | Lair:3   | Found a staircase to the Shoals.
 17859 | Lair:3   | Reached XP level 14. HP: 119/120 MP: 14/14
 18202 | Lair:4   | Noticed Josephine
 18210 | Lair:4   | Killed Josephine
 18426 | Lair:4   | Found a viscous altar of Jiyva.
 18427 | Lair:4   | Found a staircase to the Slime Pits.
 19018 | Lair:5   | Entered Level 5 of the Lair of Beasts
 19030 | Lair:5   | Reached skill level 1 in Spellcasting
 19075 | Lair:5   | Identified a scroll of acquirement
 19076 | Lair:5   | Acquired 1330 gold pieces
 19187 | Lair:5   | Reached skill level 5 in Spellcasting
 19249 | Lair:5   | Reached skill level 1 in Translocations
 19250 | Lair:5   | Reached skill level 1 in Transmutations
 19818 | Lair:5   | Reached XP level 15. HP: 89/126 MP: 23/25
 20502 | Orc:1    | Entered Level 1 of the Orcish Mines
 20612 | Orc:1    | Reached skill level 5 in Translocations
 20612 | Orc:1    | Reached skill level 5 in Transmutations
 20905 | Orc:2    | Entered Level 2 of the Orcish Mines
 20905 | Orc:2    | Found a transporter.
 21222 | Orc:2    | Noticed Lexicon's ghost (journeyman AtFi)
 21223 | Orc:2    | Identified the +3 great mace of Obaozur {freeze, rC+ Int+3}
 21223 | Orc:2    | Identified the +6 great mace "Fyfoep" {freeze, Dex+2 SInv}
 21434 | Orc:2    | Found Obbeac's General Store.
 21434 | Orc:2    | Found Qof Mocy's Antique Armour Shop.
 21436 | Orc:2    | Found Pucrom's Magic Scroll Emporium.
 21436 | Orc:2    | Found Jusas's Assorted Antiques.
 21445 | Orc:2    | Bought a scroll of acquirement for 728 gold pieces
 21448 | Orc:2    | Bought a pair of shimmering gloves for 228 gold pieces
 21448 | Orc:2    | Identified the -1 pair of gloves of Dishonour {rElec rPois
                  | rF- Int+7} (You bought it in a shop on level 2 of the
                  | Orcish Mines)
 21529 | Orc:2    | Found a staircase to the Elven Halls.
 21594 | Orc:2    | Found Amygazatt's Antique Weapon Shop.
 21603 | Orc:2    | Bought a twisted war axe for 212 gold pieces
 21603 | Orc:2    | Identified the +2 war axe of Integrity {drain, *Rage rF+
                  | rC+++ Dex+3} (You bought it in a shop on level 2 of the
                  | Orcish Mines)
 21661 | Orc:2    | Found a transporter.
 22247 | D:13     | Reached skill level 10 in Spellcasting
 22956 | D:14     | Identified the +11 morningstar "Cituaps" {antimagic, Str+6}
 23755 | D:14     | Reached XP level 16. HP: 121/133 MP: 23/32
 23821 | D:14     | Found a gate to the Vaults.
 24048 | D:14     | Learned a level 2 spell: Wereblood
 24053 | D:14     | Learned a level 4 spell: Passage of Golubria
 24098 | D:15     | Entered Level 15 of the Dungeon
 24399 | D:15     | Found a staircase to the Depths.
 24664 | D:15     | Found a white marble altar of Elyvilon.
 24758 | D:15     | Found a runed translucent door.
 24759 | D:15     | Noticed epsilonplus's ghost (journeyman HuHu)
 24759 | D:15     | Identified the +2 spear of Pride {flame, Fragile rN++}
 25272 | D:10     | Killed math4jedi's ghost
 25417 | Snake:1  | Entered Level 1 of the Snake Pit
 25733 | Snake:1  | Found Apribih's Firing Range.
 26440 | Snake:2  | Reached skill level 15 in Fighting
 26440 | Snake:2  | Reached skill level 15 in Armour
 26920 | Snake:2  | Noticed a nagaraja
 26940 | Snake:2  | Killed a nagaraja
 27150 | Snake:3  | Reached XP level 17. HP: 102/142 MP: 14/34
 28490 | Snake:3  | Identified the +5 battleaxe "Iharedei" {pain, Dex+3}
 29097 | Snake:4  | Entered Level 4 of the Snake Pit
 29097 | Snake:4  | Noticed Aizul
 29115 | Snake:3  | Killed Aizul
 29126 | Snake:3  | HP: 4/144 [shock serpent (10)]
 30014 | Snake:4  | Noticed Kirke
 30381 | Snake:3  | Killed Kirke
 31735 | Snake:4  | Reached XP level 18. HP: 146/153 MP: 29/36
 32849 | Snake:4  | HP: 3/154 [nagaraja/splash of poison (14)]
 33192 | Snake:4  | Got a serpentine rune of Zot
 33422 | Shoals:1 | Entered Level 1 of the Shoals
 33880 | Shoals:1 | Learned a level 4 spell: Manifold Assault
 34462 | Shoals:2 | Found Qiskyrgh's Weapon Shop.
 35328 | Shoals:2 | Identified the +7 falchion of Fosigiq {elec, rCorr MP+9}
 35543 | Shoals:3 | Found Ytheu's Mass Market.
 36797 | Shoals:4 | Entered Level 4 of the Shoals
 37253 | Shoals:4 | Reached XP level 19. HP: 150/163 MP: 37/37
 37906 | Shoals:4 | Got a barnacled rune of Zot
 38278 | Shoals:4 | Found a runed translucent gate.
 38278 | Shoals:4 | Found a runed translucent gate.
 38278 | Shoals:4 | Found a runed translucent gate.
 38279 | Shoals:4 | Noticed rlgrobin's ghost (adept SpEE)
 38826 | Shoals:4 | Reached skill level 15 in Dodging
 38931 | Shoals:4 | Identified the +2 helmet of the Lair of Beasts {rPois}
 39029 | Shoals:4 | Killed rlgrobin's ghost
 39247 | Shoals:4 | Got the Directory of Shadowy Invitation
 39479 | Elf:1    | Entered Level 1 of the Elven Halls
 39889 | Elf:1    | Found a huge runed gate.
 39889 | Elf:1    | Found a huge runed gate.
 39889 | Elf:1    | Found a huge runed gate.
 39889 | Elf:1    | Found a huge runed gate.
 39890 | Elf:1    | Found a huge runed gate.
 39890 | Elf:1    | Found a huge runed gate.
 39890 | Elf:1    | Found a huge runed gate.
 39890 | Elf:1    | Found a huge runed gate.
 39891 | Elf:1    | Found a huge runed gate.
 39892 | Elf:1    | Found a huge runed gate.
 39911 | Elf:1    | Got the Grimoire of Shocking Zombies
 39923 | Elf:1    | Found Nousozu's Antique Weapon Emporium.
 39947 | Elf:1    | Found a huge runed gate.
 39947 | Elf:1    | Found a huge runed gate.
 39947 | Elf:1    | Found a huge runed gate.
 39947 | Elf:1    | Found a huge runed gate.
 39947 | Elf:1    | Found a huge runed gate.
 39947 | Elf:1    | Found a huge runed gate.
 39951 | Elf:1    | Found a huge runed gate.
 39951 | Elf:1    | Found a huge runed gate.
 39951 | Elf:1    | Found a huge runed gate.
 39951 | Elf:1    | Found a huge runed gate.
 39951 | Elf:1    | Found a huge runed gate.
 39951 | Elf:1    | Found a huge runed gate.
 39952 | Elf:1    | Found a huge runed gate.
 39953 | Elf:1    | Found a huge runed gate.
 39953 | Elf:1    | Found a huge runed gate.
 39958 | Elf:1    | You fall into a shaft and drop 1 floor!
 39990 | Elf:2    | Found a runed translucent gate.
 39990 | Elf:2    | Found a runed translucent gate.
 39992 | Elf:2    | Found a runed translucent gate.
 40251 | Elf:2    | Paralysed by an air elemental for 1 turns
 40269 | Elf:2    | Reached skill level 5 in Shields
 40282 | Elf:2    | HP: 7/161 [+6 war axe of draining (17)]
 40786 | Elf:2    | Reached skill level 10 in Translocations
 41164 | Abyss:3  | Cast into level 3 of the Abyss (+2 glaive of distortion)
 41190 | Abyss:3  | Paralysed by a great orb of eyes for 3 turns
 41204 | Abyss:3  | Noticed a bone dragon
 41221 | Abyss:3  | Killed a bone dragon
 41551 | Abyss:3  | Gained mutation: You have sharp toenails. [a neqoxec]
 41677 | Abyss:3  | Reached XP level 20. HP: 152/172 MP: 8/38
 41795 | Abyss:3  | Noticed a bone dragon
 41813 | Abyss:3  | Killed a bone dragon
 41829 | Abyss:3  | Gained mutation: You occasionally lose the ability to read
                  | scrolls when taking damage. [a cacodemon]
 41830 | Abyss:3  | Gained mutation: You are covered in fur. (AC +1) [a
                  | neqoxec]
 41830 | Abyss:3  | Gained mutation: You are clumsy. (Dex -2) [a cacodemon]
 41839 | Abyss:3  | Gained mutation: You are dopey. (Int -2) [a neqoxec]
 41848 | Elf:2    | Escaped the Abyss
 41933 | Abyss:3  | Cast into level 3 of the Abyss (+2 glaive of distortion)
 41962 | Abyss:3  | Found a corrupted altar of Lugonu.
 41970 | Abyss:3  | Found a corrupted altar of Lugonu.
 42002 | Abyss:3  | Found a corrupted altar of Lugonu.
 42002 | Abyss:3  | Found a corrupted altar of Lugonu.
 42054 | Abyss:3  | Found a corrupted altar of Lugonu.
 42336 | Abyss:3  | Reached skill level 15 in Spellcasting
 42359 | Elf:2    | Escaped the Abyss
 42514 | Elf:1    | Identified the +5 flail of Nemelex Xobeh's Wrath {spect,
                  | Dex+3}
 42541 | Elf:1    | Noticed a Brimstone Fiend
 42549 | Elf:1    | Killed from afar by a deep elf high priest

Illustrated notes

Levels and vault maps discovered:
D:1:      mrwooster_arrival_statue_2, layout_basic
D:2:      layout_loops_ring, minmay_cut_off, uniq_jessica
D:3:      layout_basic, ebering_ghost_reflecting_pool,
          cheibrodos_sewer_entry_bend, minmay_unequal
D:4:      layout_loops_cross, mainiacjoe_overflow_paths
D:5:      nicolae_BIG_FREAKIN_CUBE, layout_basic
D:6:      layout_basic, minmay_temple_entry_stoned_glass, minmay_quadrilaterals,
          uniq_menkaure
D:7:      layout_basic, serial_shops, nicolae_shop_crystal, st_stairs_10,
          minmay_unpleasant_kobolds
D:8:      minmay_the_grid_square_5x5_3x3 [minmay_the_grid_square_5x5_seven,
          minmay_the_grid_square_5x5_corner, minmay_the_grid_square_5x5_n_small,
          minmay_the_grid_square_5x5_minivault,
          minmay_the_grid_square_5x5_megaprize_open,
          minmay_the_grid_square_5x5_lines,
          minmay_the_grid_square_5x5_fancy_junction,
          minmay_the_grid_square_5x5_empty, minmay_the_grid_square_5x5_shrine2],
          layout_gridville, nicolae_shop_fire_sale [nicolae_sub_dead_trees]
D:9:      layout_rooms, kennysheep_little_box
D:10:     layout_stronghold, serial_undead, serial_undead_b, serial_undead_b,
          serial_undead_b, serial_undead_a, ebering_ghost_disaster_area,
          grunt_livestock, uniq_maggie, uniq_psyche, uniq_fannar
D:11:     layout_basic, erik_lair_orcish_takeover,
          maelrawn_ghost_gauntlet_escape, kennysheep_cluttered_room
D:12:     layout_gridville, erik_orc_3, gauntlet_entry_generic,
          lemuel_flamethrower_2, uniq_sonja
D:13:     layout_roguey, einodemon_armed_red_devil_minivault
D:14:     layout_roguey, grunt_vaults_entry_fortified, hangedman_decor_lopped
D:15:     hangedman_depths_entry_civil_slaughter, layout_long_grid,
          elyvilon_altar_4, ebering_ghost_funeral_grove,
          grunt_decor_mini_mirrors
Temple:   mainiacjoe_temple_cubbyholes
Lair:1:   layout_chaotic_city
Lair:2:   layout_cellular_growth, guppyfry_snake_entry_garden, nzn_ghost_randoct
Lair:3:   layout_long_grid, shoals_dummy_entry, hangedman_lair_generics_rect,
          uniq_gastronok
Lair:4:   layout_loops_ring, slime_entry_1, serial_forest,
          infiniplex_forest_lined_2, infiniplex_forest_corner_2,
          infiniplex_forest_clump_tiny, infiniplex_forest_lined_3_way,
          infiniplex_forest_lined_room_2, infiniplex_forest_clump_medium,
          infiniplex_forest_clump_diagonal, infiniplex_forest_end_2,
          infiniplex_forest_zigzag_1, uniq_josephine
Lair:5:   grunt_lair_end_beastmaster, layout_gridlike
Shoals:1: layout_shoals, nicolae_shoals_sun_and_surf
Shoals:2: layout_shoals, serial_shops, shop
Shoals:3: layout_shoals, minmay_shop_mass, yaktaur_hedge
Shoals:4: shoals_end_grunt_ice, layout_shoals, gammafunk_ghost_tricky_traps
Snake:1:  layout_misc_corridors, special_room, nicolae_shop_firing_range
Snake:2:  layout_onion
Snake:3:  layout_misc_corridors, nicolae_snake_yet_another_twisty_hallway,
          serial_bayou_ford_a, nicolae_snake_gridmaze_spiral,
          grunt_ministairs_6, serial_bayou_shore_b
Snake:4:  johnstein_snake_rune_scales, layout_cave_shapes, drop_trap,
          nicolae_fountain_basement, uniq_aizul, uniq_kirke
Orc:1:    cheibrodos_orc_guarddog, layout_diamond_mine
Orc:2:    grunt_orc_tribal_feast, layout_caves, serial_shops, shop,
          gammafunk_ghost_smash, mines2_david
Elf:1:    layout_rooms, serial_shops, shop, orc_legates, door_vault
Elf:2:    nicolae_elf_blades_splatter_lattice [nicolae_blade_little_rooms],
          layout_geoelf_grid

Skill      XL: |  1  2  3  4  5  6  7  8  9 10 11 12 13 14 15 16 17 18 19 20 |
---------------+-------------------------------------------------------------+-----
Fighting       | 4 5 6 7 8 10 12 14 15 16 18 19 | 19.2
Armour         | 4 5 6 7 8 10 12 14 15 16 18 19 | 19.2
Axes           | 3 4 5 7 9 10 12 16 18 | 18.0
Dodging        | 3 8 10 11 13 14 15 | 15.9
Spellcasting   | 6 12 13 14 15 | 15.0
Translocations | 3 5 6 7 8 10 | 10.0
Transmutations | 3 5 7 8 |  8.0
Shields        | 5 6 |  6.9

Action                     |  1- 3 |  4- 6 |  7- 9 | 10-12 | 13-15 | 16-18 | 19-21 || total
---------------------------+-------+-------+-------+-------+-------+-------+-------++-------
  Melee: War axe           |   121 |   218 |   311 |    92 |       |       |       ||   742
         Unarmed           |       |       |    10 |     4 |       |       |       ||    14
         Broad axe         |       |       |       |   337 |   781 |  1118 |   782 ||  3018
   Fire: Sling             |       |       |       |       |   195 |   182 |       ||   377
   Cast: Wereblood         |       |       |       |       |       |    54 |    57 ||   111
         Manifold Assault  |       |       |       |       |       |   101 |   198 ||   299
Ability: Hop               |       |       |       |       |       |       |     1 ||     1
  Evoke: Wand              |       |       |       |     8 |       |       |       ||     8
    Use: Scroll            |       |    10 |     4 |    14 |     8 |       |     9 ||    45
         Potion            |       |       |     1 |     2 |     1 |     4 |     3 ||    11
   Stab: Paralysed         |       |       |       |     2 |       |       |       ||     2
 Armour: Scale mail        |    67 |    70 |    31 |    29 |       |       |       ||   197
         Chain mail        |       |     7 |   118 |   271 |   277 |    54 |       ||   727
         Skin              |       |       |     6 |     3 |       |       |       ||     9
         Plate armour      |       |       |       |       |       |   537 |   270 ||   807
  Dodge: Dodged            |    69 |   114 |   257 |   408 |   950 |  1075 |   441 ||  3314
  Block: Buckler           |    24 |    36 |    65 |   163 |   321 |   429 |   174 ||  1212

Table legend: (Time is in decaauts)
 A = Elapsed time spent in this place.
 B = Non-inter-level travel time spent in this place.
 C = Inter-level travel time spent in this place.
 D = Time resting spent in this place.
 E = Time spent auto-exploring this place.
 F = Levels seen in this place.
 G = Mean time per level.
                   A        B        C        D        E       F      G
               +--------+--------+--------+--------+--------+-----+--------+
         Total |  64906 |  60791 |   4115 |   8708 |  40651 |  37 | 1754.2 |
       Dungeon |  25611 |  23485 |   2126 |   2629 |  16963 |  15 | 1707.4 |
        Temple |    359 |    229 |    130 |      0 |    218 |   1 |  359.0 |
          Lair |  10109 |   9259 |    850 |    224 |   7592 |   5 | 2021.8 |
        Shoals |   9327 |   9039 |    288 |    457 |   7195 |   4 | 2331.8 |
     Snake Pit |  11388 |  10905 |    483 |   4001 |   4852 |   4 | 2847.0 |
  Orcish Mines |   2976 |   2800 |    176 |    222 |   2014 |   2 | 1488.0 |
   Elven Halls |   2472 |   2412 |     60 |   1030 |    608 |   2 | 1236.0 |
         Abyss |   1348 |   1348 |      0 |     83 |    707 |   2 |  674.0 |
         Sewer |    464 |    464 |      0 |      0 |    228 |   1 |  464.0 |
      Gauntlet |    849 |    849 |      0 |     60 |    271 |   1 |  849.0 |
               +--------+--------+--------+--------+--------+-----+--------+

Top non-repeatable levels by time:
 Snake:3: 5019 daAuts
Shoals:4: 3504 daAuts
    D:10: 3074 daAuts
     D:8: 2991 daAuts
 Snake:4: 2799 daAuts
  Lair:5: 2510 daAuts
    D:11: 2310 daAuts
Shoals:3: 2100 daAuts
  Lair:2: 2078 daAuts
  Lair:3: 2022 daAuts
     D:6: 2012 daAuts
    D:12: 1997 daAuts
Shoals:2: 1982 daAuts
     D:7: 1912 daAuts
    D:15: 1865 daAuts
